 Dungeon Crawl Stone Soup version 0.19.4-10-g532645f (webtiles) character file.

111 Magnus the Shield-Bearer (level 5, -1/42 HPs)
             Began as a Formicid Fighter on Feb 26, 2017.
             Killed from afar by Pikel (18 damage)
             ... with a wand of lightning
             ... on level 4 of the Dungeon.
             The game lasted 00:05:54 (2256 turns).

Magnus the Shield-Bearer (Formicid Fighter)         Turns: 2256, Time: 00:05:55

Health: -1/42      AC: 10    Str: 21    XL:     5   Next: 15%
Magic:  5/5        EV:  6    Int:  8    God:
Gold:   91         SH:  9    Dex: 10    Spells: 0 memorised, 4 levels left

rFire  . . .     SeeInvis +     a - +0 war axe
rCold  . . .     Gourm    .     t - +0 chain mail
rNeg   . . .     Faith    .     c - +0 shield
rPois  .         Spirit   .     (helmet unavailable)
rElec  .         Reflect  .     (no cloak)
rCorr  .         Harm     .     r - +0 pair of gloves (curse)
MR     .....                    (no boots)
Stlth  ..........               (no amulet)
                                (no ring)
                                (no ring)

@: no status effects
A: permanent stasis, dig shafts and tunnels, four strong arms, antennae 3
a: Dig, Shaft Self


You were on level 4 of the Dungeon.
You were not hungry.

You visited 1 branch of the dungeon, and saw 4 of its levels.

You collected 91 gold pieces.

Inventory:

Hand Weapons
 a - a +0 war axe (weapon)
Missiles
 p - 7 poisoned tomahawks (quivered)
Armour
 b - a +0 scale mail
 c - a +0 shield (worn)
 r - a cursed +0 pair of gloves (worn)
 t - a +0 chain mail (worn)
Jewellery
 m - an uncursed ring of resist corrosion {unknown}
Scrolls
 e - 3 scrolls of remove curse {unknown}
 g - a scroll of recharging {unknown}
 h - 3 scrolls of identify {unknown}
 j - a scroll of blinking {unknown}
 k - a scroll of random uselessness {unknown}
 n - a scroll of immolation {unknown}
 q - a scroll of enchant weapon {unknown}
Potions
 d - a potion of might
 l - a potion of beneficial mutation {unknown}
 s - 2 potions of curing {unknown}
Comestibles
 f - 2 bread rations
 i - 3 meat rations
 o - a chunk of flesh


   Skills:
 + Level 3.8 Fighting
 + Level 3.0 Axes
 + Level 4.1 Armour
 + Level 4.7 Shields


You had 4 spell levels left.
You didn't know any spells.

Dungeon Overview and Level Annotations

Branches:
Dungeon (4/15)
 Temple: D:4-7

Altars:
Okawaru

Annotations:
D:4 Pikel


Innate Abilities, Weirdness & Mutations

You are under a permanent stasis effect.
You can dig through walls and to a lower floor.
Your four strong arms can wield two-handed weapons with a shield.
You have a pair of large antennae on your head. (SInv)


Message History

Pikel zaps a wand.
The bolt of lightning hits you!
It is a wand of lightning.
There is an open door here.
There is a stone staircase leading up here.
You climb upwards.
There is a stone staircase leading down here.
You start resting.
Eating one of 2 chunks of flesh.
You start eating one of the 2 chunks of flesh.
You are feeling hungry.
This raw flesh tastes terrible.
You start resting.
HP restored.
There is a stone staircase leading down here.
You climb downwards.
Level annotation: Pikel
There is a stone staircase leading up here.
Pikel zaps a wand.
The bolt of lightning hits you!
Ouch! That really hurt!
The bolt of lightning hits you!
You die...

######## #......#
#......#
####......#
..........#
..........###
............#
..........#.#
........K@..#
...###'##### #.#
# #.# ###.#
######.###....##
..........{...K.p
##......#..{####
#.######.##.....
# ..# ....


You could see Pikel.

Vanquished Creatures
  3 adders
  3 worms
  4 dart slugs
  A leopard gecko (D:1)
  4 orcs (D:3)
  6 goblins
  7 hobgoblins
  9 jackals
  5 kobolds
  2 ball pythons
  8 bats
  5 frilled lizards
  6 rats
63 creatures vanquished.

Notes
Turn   | Place    | Note
-------+----------+-------------------------------------------
     0 | D:1      | Magnus the Formicid Fighter began the quest for the Orb.
     0 | D:1      | Reached XP level 1. HP: 18/18 MP: 1/1
   107 | D:1      | Reached XP level 2. HP: 24/24 MP: 2/2
   340 | D:1      | Reached XP level 3. HP: 29/29 MP: 3/3
   826 | D:2      | Reached XP level 4. HP: 35/35 MP: 4/4
   995 | D:2      | Found an iron altar of Okawaru.
  1831 | D:3      | Reached XP level 5. HP: 42/42 MP: 5/5
  2148 | D:4      | Noticed Pikel
  2149 | D:4      | Noticed a slave
  2256 | D:4      | Killed from afar by Pikel

Skill      XL: |  1  2  3  4 |
---------------+-------------+-----
Shields        | 4 |  4.7
Armour         | 4 |  4.1
Axes           | 3 |  3.0
Fighting       | |  3.8

Action                   |  1- 3 |  4- 6 || total
-------------------------+-------+-------++-------
Melee: War axe           |   109 |    94 ||   203
  Eat: Chunk             |       |     5 ||     5
Armor: Scale mail        |    75 |    34 ||   109
Dodge: Dodged            |    54 |    28 ||    82
Block: Shield            |    76 |    59 ||   135
